 Dungeon Crawl Stone Soup version 0.18.1-50-g88ac8fd (webtiles) character file.

3430 Ingvold the Fighter (level 10, -6/89 HPs)
             Began as a Hill Orc Fighter on Oct 6, 2016.
             Was a Priest of Okawaru.
             Mangled by Gargoyl's ghost (8 damage)
             ... on level 8 of the Dungeon on Oct 7, 2016.
             The game lasted 00:32:35 (6529 turns).

Ingvold the Fighter (Hill Orc Fighter)              Turns: 6529, Time: 00:32:35

Health: -6/89      AC: 18    Str: 23    XL:     10   Next: 5%
Magic:  11/12      EV: 11    Int:  8    God:    Okawaru [***...]
Gold:   431        SH:  0    Dex: 10    Spells: 0 memorised, 9 levels left

rFire  . . .     SeeInvis .     u - +3 battleaxe
rCold  + . .     Gourm    .     a - +0 chain mail
rNeg   + . .     Faith    .     (shield currently unavailable)
rPois  .         Spirit   .     k - +1 helmet
rElec  .         Dismiss  .     (no cloak)
rCorr  .         Reflect  .     b - +2 pair of gloves
SustAt .         Harm     .     (no boots)
MR     .....                    (no amulet)
Stlth  ..........               z - ring of positive energy
                                i - ring of protection from cold

@: about to teleport, heroism, drained, not resistant to hostile enchantments,
extremely unstealthy
A: no striking features
a: Heroism, Renounce Religion


You were on level 8 of the Dungeon.
You worshipped Okawaru.
Okawaru was most pleased with you.
You were not hungry.

You visited 2 branches of the dungeon, and saw 9 of its levels.
You also visited: Ossuary.

You collected 570 gold pieces.
You spent 139 gold pieces at shops.

Inventory:

Hand Weapons
 e - a +1 war axe of chopping
 u - a +3 battleaxe (weapon)
Armour
 a - a +0 chain mail (worn)
 b - a +2 pair of gloves (worn)
 k - a +1 helmet (worn)
 n - a +0 large shield of reflection
Jewellery
 i - a ring of protection from cold (left hand)
 j - an uncursed ring of protection from cold
 z - a ring of positive energy (right hand)
Wands
 q - a wand of disintegration (13/24)
 y - a wand of paralysis (9/24)
 A - a wand of confusion (29/48)
Scrolls
 h - 4 scrolls of identify
 o - 8 scrolls of remove curse
 p - 2 scrolls of teleportation
 r - a scroll of enchant armour
 t - a scroll of recharging
 D - a scroll of blinking
Potions
 c - a potion of beneficial mutation {unknown}
 d - 2 potions of might
 g - 3 potions of agility
 s - 3 potions of curing
 v - 2 potions of brilliance
 w - a potion of flight {unknown}
 x - a potion of haste {unknown}
Comestibles
 f - 4 bread rations
 l - 6 meat rations
 m - 2 fruits
 B - 2 beef jerkies
 C - 3 chunks of flesh


   Skills:
 * Level 8.3(12.0) Fighting
 * Level 8.1(11.8) Axes
 * Level 7.8(11.5) Armour
 - Level 2.8(6.7) Dodging
 - Level 0.3(4.2) Stealth
 * Level 7.8(11.5) Shields
 + Level 3.9(2.9) Invocations
 + Level 3.3(2.2) Evocations


You had 9 spell levels left.
You didn't know any spells.

Dungeon Overview and Level Annotations

Branches:
Dungeon (8/15)             Temple (1/1) D:5
   Lair: D:8-11

Altars:
Ashenzari
Elyvilon
Fedhas
Gozag
Okawaru
Qazlal
Ru
Sif Muna
Trog

Shops:
D:4 ![[=   D:5 !

Annotations:
D:5 1 runed door
D:8 Gargoyl's ghost, novice DsAK


Message History

You feel strangely unstable.
The orc wizard mumbles some strange words.
The orc wizard blinks!
The orc closely misses you.
The orc wizard gestures wildly while chanting.
The orc wizard seems to speed up.
Gargoyl's ghost hits you.
* * * LOW HITPOINT WARNING * * *
Gargoyl's ghost burns you.
* * * LOW HITPOINT WARNING * * *
Drink which item? (? for menu, Esc to quit)
You feel better. The orc closely misses you.
Gargoyl's ghost closely misses you.
You hit the orc.
The orc is almost dead.
You slash Gargoyl's ghost!
Gargoyl's ghost is heavily damaged.
The orc wizard miscasts a cantrip.
The orc hits you but does no damage. Gargoyl's ghost hits you!
* * * LOW HITPOINT WARNING * * *
Gargoyl's ghost burns you!
You die...

#####
########...############(
(............)).@o......
.#######...####W##.#....
.# ##### #o# .. . .#


oo# ... .# #.oo .#. .# ...o # .# ...... .# ...... .# You could see 2 orc
wizards, Gargoyl's ghost and 3 orcs.

Vanquished Creatures
  The ghost of Drunkenshrew the Caller, a novice DrSk of Ashenzari (D:7)
  Grinder (D:3)
  An orc warrior (D:8)
  3 sky beasts
  2 phantoms
  An ogre (D:4)
  Blork the orc (D:6)
  3 giant frogs
  2 scorpions (D:5)
  A killer bee (D:5)
  9 wights (D:7)
  4 crimson imps
  A giant frog zombie (D:5)
  A quasit (D:6)
  3 hounds
  8 orc wizards
  A centaur skeleton (D:5)
  5 orc priests
  A jelly (D:7)
  Jessica (D:3)
  An iguana (D:7)
  8 worker ants
  Terence (D:3)
  2 hound zombies (D:7)
  8 mummies (Ossuary)
  Robin (D:3)
  4 gnolls (D:6)
  7 adders
  A shadow imp (D:7)
  4 oozes
  An adder skeleton (D:4)
  An adder zombie (D:6)
  2 dart slugs
  5 giant geckos
  31 orcs
  9 giant cockroaches
  13 goblins
  14 hobgoblins
  8 jackals
  10 kobolds
  3 quokkas
  2 ball pythons
  6 bats
  A giant gecko skeleton (D:4)
  6 giant newts
  3 gnoll zombies
  A goblin zombie (D:6)
  A hobgoblin zombie (Ossuary)
  2 kobold zombies (Ossuary)
  3 orc zombies (Ossuary)
  5 rats
  A butterfly (D:5)
215 creatures vanquished.

Notes
Turn   | Place    | Note
--------------------------------------------------------------
     0 | D:1      | Ingvold the Hill Orc Fighter began the quest for the Orb.
     0 | D:1      | Reached XP level 1. HP: 19/19 MP: 1/1
   133 | D:1      | Reached XP level 2. HP: 27/27 MP: 2/2
   397 | D:1      | Reached XP level 3. HP: 33/33 MP: 3/3
   633 | D:2      | You fall through a shaft for 2 floors!
   683 | D:4      | Found Sorog's Antique Armour Boutique.
   705 | D:4      | Found Untaune's Antique Armour Emporium.
   720 | D:4      | Reached XP level 4. HP: 33/41 MP: 4/4
   725 | D:4      | Found Wughugh's Jewellery Boutique.
   774 | D:4      | Found Festialo's Distillery.
   812 | D:4      | Noticed an ogre
   822 | D:4      | Killed an ogre
   822 | D:4      | Reached skill level 1 in Dodging
   822 | D:4      | Reached XP level 5. HP: 31/47 MP: 5/5
  1043 | D:4      | Noticed a phantom
  1087 | D:4      | Killed a phantom
  1087 | D:4      | Reached skill level 5 in Fighting
  1087 | D:4      | Reached XP level 6. HP: 41/56 MP: 6/6
  1395 | D:3      | Noticed Grinder
  1436 | D:3      | Noticed Robin
  1469 | D:3      | Paralysed by Grinder for 7 turns
  1661 | D:3      | Killed Robin
  1939 | D:3      | Killed Grinder
  1939 | D:3      | Reached skill level 5 in Armour
  1939 | D:3      | Reached skill level 5 in Shields
  1939 | D:3      | Reached XP level 7. HP: 50/61 MP: 7/7
  1954 | D:3      | Found a shattered altar of Ashenzari.
  1954 | D:3      | Found an opulent altar of Gozag.
  1957 | D:3      | Found an iron altar of Okawaru.
  1966 | D:3      | Became a worshipper of Warmaster Okawaru
  2386 | D:3      | Reached skill level 5 in Axes
  2398 | D:3      | Noticed Jessica
  2401 | D:3      | Killed Jessica
  2652 | D:3      | Noticed Terence
  2669 | D:3      | Killed Terence
  3035 | D:2      | Found a white marble altar of Elyvilon.
  3128 | D:2      | Found a deep blue altar of Sif Muna.
  3469 | D:4      | Bought a runed large shield for 139 gold pieces
  3518 | D:5      | Entered Level 5 of the Dungeon
  3532 | D:5      | Reached XP level 8. HP: 55/70 MP: 8/8
  3545 | D:5      | Reached * piety under Okawaru
  3734 | D:5      | Found a staircase to the Ecumenical Temple.
  3761 | Temple   | Entered the Ecumenical Temple
  3817 | D:5      | Reached skill level 1 in Invocations
  3817 | D:5      | Reached skill level 1 in Evocations
  3821 | D:5      | Found a blossoming altar of Fedhas.
  3891 | D:5      | Found Mitre's Distillery.
  3947 | D:5      | Found a runed door.
  4139 | D:5      | Found a runed door.
  4292 | D:5      | Reached ** piety under Okawaru
  4435 | D:6      | Reached XP level 9. HP: 76/78 MP: 10/10
  4461 | D:6      | Noticed Blork the orc
  4471 | D:6      | Killed Blork the orc
  4519 | D:6      | Found a bloodstained altar of Trog.
  4536 | D:6      | Found a sand-covered staircase.
  4543 | Ossuary  | Entered an ossuary
  4735 | D:6      | Found a sacrificial altar of Ru.
  5286 | D:7      | Noticed Drunkenshrew's ghost (novice DrSk)
  5865 | D:7      | Killed Drunkenshrew's ghost
  6318 | D:7      | Found a stormy altar of Qazlal.
  6325 | D:7      | Reached *** piety under Okawaru
  6413 | D:7      | Reached XP level 10. HP: 67/88 MP: 12/12
  6515 | D:8      | Noticed Gargoyl's ghost (novice DsAK)
  6529 | D:8      | HP: 2/89 [Gargoyl's ghost (15)]
  6529 | D:8      | Mangled by Gargoyl's ghost

Skill      XL: |  1  2  3  4  5  6  7  8  9 |
---------------+----------------------------+-----
Fighting       | 4 5 6 8 |  8.3
Axes           | 3 4 5 6 8 |  8.1
Shields        | 4 5 6 7 |  7.8
Armour         | 4 5 6 7 |  7.8
Dodging        | 1 2 |  2.8
Invocations    | 2 3 |  3.9
Evocations     | 2 3 |  3.3
Stealth        | |  0.3

Action                   |  1- 3 |  4- 6 |  7- 9 | 10-12 || total
-------------------------+-------+-------+-------+-------++-------
Melee: War axe           |    15 |     4 |   435 |       ||   454
       Hand axe          |    64 |   101 |       |       ||   165
       Battleaxe         |       |       |    81 |    24 ||   105
Invok: Heroism           |       |       |     2 |     1 ||     3
Evoke: Wand              |       |       |     4 |       ||     4
  Use: Scroll            |     4 |     2 |     8 |     1 ||    15
       Potion            |       |     3 |     2 |     1 ||     6
  Eat: Chunk             |       |     3 |    11 |       ||    14
       Meat ration       |       |       |     1 |       ||     1
       Fruit             |       |       |     1 |       ||     1
Armor: Scale mail        |    30 |    33 |    33 |       ||    96
       Chain mail        |       |       |   237 |    16 ||   253
       Skin              |       |       |     4 |       ||     4
Dodge: Dodged            |    27 |    33 |    86 |    13 ||   159
Block: Shield            |    36 |    46 |    41 |       ||   123
       Large shield      |       |       |   274 |       ||   274
       Reflection        |       |       |     1 |       ||     1
